 Dungeon Crawl Stone Soup version 0.29-a0-993-g4a18f31a58 (webtiles) character file.

Game seed: 4186752245488228458

18 Newt the Charlatan (level 2, -4/16 HPs)
             Began as a Kobold Artificer on Aug 2, 2022.
             Slain by a worm (8 damage)
             ... on level 2 of the Dungeon.
             The game lasted 00:01:47 (1701 turns).

Newt the Charlatan (Kobold Artificer)               Turns: 1701, Time: 00:01:47

Health: -4/16      AC:  3    Str:  9    XL:     2   Next: 85%
Magic:  2/2        EV: 14    Int: 12    God:
Gold:   84         SH:  0    Dex: 15    Spells: 1/1 levels left

rFire   . . .      SeeInvis .   a - +0 club
rCold   . . .      Faith    .   (no shield)
rNeg    . . .      Spirit   .   b - +0 leather armour
rPois   .          Reflect  .   (no helmet)
rElec   .          Harm     .   (no cloak)
rCorr   .          Rampage  .   (no gloves)
Will    .....                   (no boots)
Stlth   +++.......              (no amulet)
HPRegen 0.05/turn               (no ring)
MPRegen 0.08/turn               (no ring)

@: no status effects
A: small, no large weapons, nightstalker 3
a: no special abilities


You were on level 2 of the Dungeon.
You visited 1 branch of the dungeon, and saw 2 of its levels.

You collected 84 gold pieces.

Inventory:

Hand Weapons
 a - a +0 club (weapon)
Armour
 b - a +0 leather armour (worn)
 g - a +0 leather armour
Jewellery
 h - a ring of magical power
Wands
 c - a wand of flame (9) (quivered)
 d - a wand of charming (12)
 e - a wand of iceblast (8)
Scrolls
 l - a scroll of teleportation {unknown}
 m - a scroll of enchant armour {unknown}
Potions
 f - 3 potions of invisibility {unknown}
 i - 2 potions of mutation {unknown}
 j - 3 potions of curing {unknown}
 k - 2 potions of heal wounds {unknown}


   Skills:
 + Level 1.1 Fighting
 + Level 0.9 Armour
 + Level 2.5 Dodging
 + Level 1.5 Stealth
 + Level 4.5 Evocations


You had one spell level left.
You didn't know any spells.
Your spell library contained the following spells:

 Spells                   Type           Power      Damage    Failure   Level
 Ozocubu's Armour         Ice            0%         N/A       80%         3
 Ozocubu's Refrigeration  Ice            0%         4d7       100%        7


Dungeon Overview and Level Annotations

Branches:
Dungeon (2/15)

Altars:


Innate Abilities, Weirdness & Mutations

You are small and have problems with some larger weapons.
You are completely attuned to the shadows.


Message History

Your gnoll hits something with a +0 halberd.
You start resting.
HP restored.
You now have 84 gold pieces (gained 10).
m - a scroll labelled WEXEBU JODE A worm comes into view.
The helpless worm fails to defend itself.
You hit the worm.
The worm is lightly wounded.
The worm bites you!
You barely miss the worm.
The worm is lightly wounded.
You hit the worm but do no damage.
The worm is lightly wounded.
The worm misses you.
You hit the worm.
The worm is lightly wounded.
The worm closely misses you.
You hit the worm.
The worm is moderately wounded.
The worm bites you!
* * * LOW HITPOINT WARNING * * *
Aiming: Charm
Press: ? - help, Q - select action, (/) - cycle Shift-Dir - straight line The worm is charmed.
You start resting.
The worm is no longer charmed.
The worm closely misses you.
A worm is nearby!
Aiming: Charm
Press: ? - help, Q - select action, (/) - cycle Shift-Dir - straight line, f - worm
Aim: a worm (chance to affect: 68%)
The worm struggles to resist.
Aiming: Throw Flame
Press: ? - help, Q - select action, (/) - cycle Shift-Dir - straight line, f/p - worm
Aim: a worm (91% to hit)
The puff of flame hits the worm!
The worm is heavily wounded.
The worm bites you!
Ouch! That really hurt!
You die...

.......... .....#.##
.......... ######.#
##....##### #.#
#....#.... #.#
#......... .# #.#
#....###.. .# #.#
#........ .# #.#
#.##########w#######.#
#..........@.#.......#
##############.#######
#.......#.#
#.#####.#.# #.# #.#.#
#.# #.#.# #.# #.#.#
#.# #.#.# #.# #.#.#


You could see a worm.

Vanquished Creatures
  A gnoll (D:2)
  An endoplasm (D:1)
  2 goblins (D:1)
  A quokka (D:1)
  A ball python (D:1)
  A bat (D:1)
  2 frilled lizards (D:1)
9 creatures vanquished.

Vanquished Creatures (others)
  A gnoll (D:2)
1 creature vanquished.

Grand Total: 10 creatures vanquished

Notes
Turn   | Place    | Note
-------+----------+-------------------------------------------
     0 | D:1      | Newt the Kobold Artificer began the quest for the Orb.
     0 | D:1      | Reached XP level 1. HP: 12/12 MP: 1/1
   423 | D:1      | Reached skill level 4 in Evocations
   995 | D:1      | Reached XP level 2. HP: 16/16 MP: 2/2
  1701 | D:2      | Slain by a worm

Illustrated notes

Levels and vault maps discovered:
D:1:      psy_arrival_radial02, layout_loops_ring
D:2:      layout_basic, serial_shops, shop, basic_altar,
          hellmonk_ecumenical_altar_slurped_away

Skill      XL: |  1 |
---------------+----+-----
Evocations     | 4 |  4.5
Fighting       | |  1.1
Armour         | |  0.9
Dodging        | |  2.5
Stealth        | |  1.5

Action                   || total
-------------------------++-------
Melee: Club              ||    42
Evoke: Wand              ||    10
 Stab: Sleeping          ||     4
Armor: Leather armour    ||    13
Dodge: Dodged            ||    32

Table legend: (Time is in decaauts)
 A = Elapsed time spent in this place.
 B = Non-inter-level travel time spent in this place.
 C = Inter-level travel time spent in this place.
 D = Time resting spent in this place.
 E = Time spent auto-exploring this place.
 F = Levels seen in this place.
 G = Mean time per level.
                   A        B        C        D        E       F      G
               +--------+--------+--------+--------+--------+-----+--------+
         Total |   1713 |   1713 |      0 |    340 |   1233 |   2 |  856.5 |
       Dungeon |   1713 |   1713 |      0 |    340 |   1233 |   2 |  856.5 |
               +--------+--------+--------+--------+--------+-----+--------+

Top non-repeatable levels by time:
     D:1: 1419 daAuts
     D:2: 293 daAuts
